PUBAAA
TORONTO RED RIDERS @ SUNNYDALE SLAYERS
05/13/1972
 
TOP OF THE 1ST
Toronto Red Riders batting - Pitching for Sunnydale Slayers : LHP Cameron Stanley
Pitching: LHP Cameron Stanley
Batting: SHB Larry Bowa 0-0: Ground out 5-3 (Groundball, 5, EV 102.5 MPH)
Batting: LHB Jon Barmes 0-0: Ball
1-0: Fly out, F7 (Flyball, 7D, EV 96.3 MPH)
Batting: LHB Doug Wright 0-0: Ball
1-0: Called Strike
1-1: Foul Ball, location: 5FF
1-2: Fly out, F5 (Popup, 56, EV 61.3 MPH)
Top of the 1st over - 0 runs, 0 hits, 0 errors, 0 left on base; Toronto 0 - Sunnydale 0
BOTTOM OF THE 1ST
Sunnydale Slayers batting - Pitching for Toronto Red Riders : RHP Alberto Castillo
Pitching: RHP Alberto Castillo
Batting: LHB Mickey Rivers 0-0: Ground out 6-3 (Groundball, 6, EV 90.6 MPH)
Batting: RHB Michael Patrick 0-0: Ball
1-0: Foul Ball, location: 7LMF
1-1: Called Strike
1-2: Ball
2-2: Foul Ball, location: 7LMF
2-2: Ball
3-2: Foul Ball, location: 5DF
3-2: Hit by Pitch
Batting: LHB José Pérez 0-0: Ball
1-0: DOUBLE (Line Drive, 9LM, EV 99.4 MPH)
Michael Patrick to third
Runner from 3rd tries for Home, SAFE, no throw by RF
Batting: RHB Tomás Navarro 0-0: Ground out 5-3 (Groundball, 56S, EV 91.3 MPH)
Batting: LHB Brian Norton 0-0: Ball
1-0: DOUBLE (Flyball, 8RXD, EV 103.1 MPH)
José Pérez scores
Batting: RHB Juan Gallegos 0-0: Fly out, F8 (Line Drive, 8RD, EV 90.0 MPH)
Bottom of the 1st over - 2 runs, 2 hits, 0 errors, 1 left on base; Toronto 0 - Sunnydale 2
TOP OF THE 2ND
Toronto Red Riders batting - Pitching for Sunnydale Slayers : LHP Cameron Stanley
Batting: RHB Guillermo Días 0-0: Ball
1-0: Ball
2-0: Ground out 4-3 (Groundball, 4, EV 89.4 MPH)
Batting: LHB Johnny Callison 0-0: Ball
1-0: Foul Ball, location: 3F
1-1: Ball
2-1: Ball
3-1: SINGLE (Groundball, 4MD, EV 95.0 MPH)
Batting: RHB Andrew Russell 0-0: Swinging Strike
0-1: Swinging Strike
0-2: Foul Ball, location: 3DF
0-2: Strikes out swinging
Batting: RHB Cal Johnstone 0-0: Ball
1-0: DOUBLE (Line Drive, 78D, EV 103.8 MPH)
Johnny Callison to third
Batting: SHB Kevin McPherson 0-0: SINGLE (Groundball, 6MD, EV 95.0 MPH)
Johnny Callison scores
Cal Johnstone to third
Runner from 3rd tries for Home, SAFE, throw by CF to home
Kevin McPherson to second
Batting: LHB Darrell Evans 0-0: Ball
1-0: Ball
2-0: Ball
3-0: Called Strike
3-1: Base on Balls
Batting: SHB Larry Bowa 0-0: Fly out, F6 (Popup, P, EV 75.0 MPH)
Top of the 2nd over - 2 runs, 3 hits, 0 errors, 2 left on base; Toronto 2 - Sunnydale 2
BOTTOM OF THE 2ND
Sunnydale Slayers batting - Pitching for Toronto Red Riders : RHP Alberto Castillo
Batting: RHB Jesús Sosa 0-0: Foul Ball, location: 2F
0-1: Foul Ball, location: 7LMF
0-2: Fly out, F7 (Flyball, 7, EV 93.8 MPH)
Batting: RHB Russell Martin 0-0: Ball
1-0: Ball
2-0: Swinging Strike
2-1: Foul Ball, location: 9LDF
2-2: Foul Ball, location: 5FF
2-2: Strikes out looking
Batting: RHB Ángel Medina 0-0: Called Strike
0-1: Swinging Strike
0-2: Strikes out swinging
Bottom of the 2nd over - 0 runs, 0 hits, 0 errors, 0 left on base; Toronto 2 - Sunnydale 2
TOP OF THE 3RD
Toronto Red Riders batting - Pitching for Sunnydale Slayers : LHP Cameron Stanley
Batting: LHB Jon Barmes 0-0: Ball
1-0: Called Strike
1-1: Ball
2-1: Swinging Strike
2-2: Foul Ball, location: 2F
2-2: Strikes out swinging
Batting: LHB Doug Wright 0-0: Called Strike
0-1: Ball
1-1: Foul Ball, location: 3FF
1-2: Foul Ball, location: 7LMF
1-2: Foul Ball, location: 25FF
1-2: Ball
2-2: Ball
3-2: Strikes out looking
Batting: RHB Guillermo Días 0-0: Ball
1-0: Ball
2-0: Ground out 4-3 (Groundball, 4MD, EV 102.5 MPH)
Top of the 3rd over - 0 runs, 0 hits, 0 errors, 0 left on base; Toronto 2 - Sunnydale 2
BOTTOM OF THE 3RD
Sunnydale Slayers batting - Pitching for Toronto Red Riders : RHP Alberto Castillo
Batting: LHB Mickey Rivers 0-0: Ball
1-0: Foul Ball, location: 7LSF
1-1: DOUBLE (Line Drive, 78M, EV 93.1 MPH)
Batting: RHB Michael Patrick 0-0: Called Strike
0-1: Ball
1-1: SINGLE (Groundball, 34D, EV 100.6 MPH)
Mickey Rivers to third
Runner from 3rd tries for Home, SAFE, throw by RF to home
Batting: LHB José Pérez 0-0: Foul Ball, location: 3DF
0-1: Called Strike
0-2: Ball
1-2: Ball
2-2: Strikes out looking
Batting: RHB Tomás Navarro 0-0: Ball
Michael Patrick steals 2nd base
1-0: SINGLE (Line Drive, 8RS, EV 107.5 MPH)
Michael Patrick to third
Runner from 3rd tries for Home, SAFE, throw by CF to home
Batting: LHB Brian Norton 0-0: Called Strike
0-1: Ball
1-1: Foul Ball, location: 25F
1-2: SINGLE (Groundball, 4S, EV 71.9 MPH) (infield hit)
Tomás Navarro to second
Batting: RHB Juan Gallegos 0-0: Fly out, F8 (Flyball, 8RXD, EV 107.5 MPH)
Runner from 2nd tags up, SAFE at 3rd, no throw by CF
Batting: RHB Jesús Sosa 0-0: Called Strike
0-1: Ball
1-1: Fly out, F3 (Popup, 3SF, EV 84.4 MPH)
Bottom of the 3rd over - 2 runs, 4 hits, 0 errors, 2 left on base; Toronto 2 - Sunnydale 4
TOP OF THE 4TH
Toronto Red Riders batting - Pitching for Sunnydale Slayers : LHP Cameron Stanley
Batting: LHB Johnny Callison 0-0: SINGLE (Line Drive, 56D, EV 104.4 MPH)
Batting: RHB Andrew Russell 0-0: Called Strike
0-1: Ball
1-1: Fielders Choice at 2nd, 5-4 (Groundball, 56, EV 103.8 MPH)
Batting: RHB Cal Johnstone 0-0: Ball
1-0: Ball
2-0: Ball
3-0: Base on Balls
Andrew Russell to second
Batting: SHB Kevin McPherson 0-0: Called Strike
0-1: Ball
1-1: Ball
2-1: Swinging Strike
2-2: Foul Ball, location: 5DF
2-2: Ball
Wild Pitch!
Andrew Russell to third
Cal Johnstone to second
3-2: Fly out, F8 (Line Drive, 8RD, EV 96.9 MPH)
Runner from 3rd tags up, SCORES, no throw by CF
Batting: LHB Darrell Evans 0-0: Ball
1-0: Foul Ball, location: 25F
1-1: Ball
2-1: Ball
3-1: Foul Ball, location: 7LSF
3-2: SINGLE (Groundball, 15S, EV 63.1 MPH) (infield hit)
Cal Johnstone to third
Batting: SHB Larry Bowa 0-0: Ball
1-0: Ball
2-0: Ball
3-0: Called Strike
3-1: Called Strike
3-2: SINGLE (Groundball, 34S, EV 90.0 MPH) (infield hit)
Cal Johnstone scores
Darrell Evans to second
Batting: LHB Jon Barmes 0-0: SINGLE (Groundball, 23, EV 71.3 MPH) (infield hit)
Darrell Evans to third
Larry Bowa to second
Batting: LHB Doug Wright 0-0: Ball
1-0: Called Strike
1-1: Swinging Strike
1-2: Ball
2-2: Ball
3-2: Foul Ball, location: 2F
3-2: Base on Balls
Darrell Evans scores
Larry Bowa to third
Jon Barmes to second
Batting: RHB Guillermo Días 0-0: Foul Ball, location: 3DF
0-1: Swinging Strike
0-2: Ball
1-2: Ball
2-2: Ball
3-2: Foul Ball, location: 9LSF
3-2: Foul Ball, location: 2F
3-2: Foul Ball, location: 2F
3-2: Foul Ball, location: 5F
3-2: Fly out, F6 (Line Drive, 6D, EV 61.9 MPH)
Top of the 4th over - 3 runs, 4 hits, 0 errors, 3 left on base; Toronto 5 - Sunnydale 4
BOTTOM OF THE 4TH
Sunnydale Slayers batting - Pitching for Toronto Red Riders : RHP Alberto Castillo
Batting: RHB Russell Martin 0-0: Ball
1-0: TRIPLE (Line Drive, 9D, EV 101.9 MPH)
Batting: RHB Ángel Medina 0-0: Ball
1-0: Ball
2-0: Foul Ball, location: 23F
2-1: DOUBLE (Line Drive, 8RXD, EV 97.5 MPH)
Russell Martin scores
Batting: LHB Mickey Rivers 0-0: Called Strike
0-1: Ball
1-1: Fly out, F9 (Flyball, 9, EV 88.8 MPH)
Batting: RHB Michael Patrick 0-0: Fly out, F5 (Flyball, 5D, EV 85.6 MPH)
Batting: LHB José Pérez 0-0: Ball
1-0: Called Strike
1-1: Foul Ball, location: 2RF
1-2: Ball
2-2: Ball
3-2: Base on Balls
Batting: RHB Tomás Navarro 0-0: Swinging Strike
0-1: Fly out, F8 (Flyball, 8RS, EV 88.1 MPH)
Bottom of the 4th over - 1 run, 2 hits, 0 errors, 2 left on base; Toronto 5 - Sunnydale 5
TOP OF THE 5TH
Toronto Red Riders batting - Pitching for Sunnydale Slayers : LHP Cameron Stanley
Batting: LHB Johnny Callison 0-0: Ball
1-0: Ball
2-0: Ball
3-0: Base on Balls
Batting: RHB Andrew Russell 0-0: Called Strike
Johnny Callison steals 2nd base
0-1: Ball
1-1: Ball
2-1: Foul Ball, location: 3DF
2-2: Fly out, F8 (Flyball, 8RD, EV 102.5 MPH)
Batting: RHB Cal Johnstone 0-0: Called Strike
0-1: Foul Ball, location: 9LDF
0-2: Ball
1-2: Strikes out swinging
Batting: SHB Kevin McPherson 0-0: Ball
1-0: Ball
2-0: Ball
3-0: Base on Balls
Batting: LHB Darrell Evans 0-0: Foul Ball, location: 5F
0-1: Swinging Strike
0-2: Ball
1-2: Strikes out swinging
Top of the 5th over - 0 runs, 0 hits, 0 errors, 2 left on base; Toronto 5 - Sunnydale 5
BOTTOM OF THE 5TH
Sunnydale Slayers batting - Pitching for Toronto Red Riders : RHP Alberto Castillo
Batting: LHB Brian Norton 0-0: DOUBLE (Flyball, 8RXD, EV 104.4 MPH)
Batting: RHB Juan Gallegos 0-0: Called Strike
0-1: Foul Ball, location: 3FF
0-2: Ball
1-2: Ball
2-2: Ball
3-2: Fly out, F4 (Popup, 4MD, EV 66.9 MPH)
Batting: RHB Jesús Sosa 0-0: Called Strike
0-1: Called Strike
0-2: Ball
1-2: Ball
2-2: DOUBLE (Flyball, 89D, EV 98.1 MPH)
Brian Norton scores
Batting: RHB Russell Martin 0-0: Ball
1-0: Called Strike
1-1: Foul Ball, location: 3SF
1-2: Ball
2-2: Ground out 6-3 (Groundball, 56, EV 86.9 MPH)
Batting: RHB Ángel Medina 0-0: Swinging Strike
0-1: Ball
1-1: Ground out 6-3 (Groundball, 6, EV 103.8 MPH)
Bottom of the 5th over - 1 run, 2 hits, 0 errors, 1 left on base; Toronto 5 - Sunnydale 6
TOP OF THE 6TH
Toronto Red Riders batting - Pitching for Sunnydale Slayers : LHP Cameron Stanley
Batting: SHB Larry Bowa 0-0: Reached via error on a dropped throw from 2B, E3 (Groundball, 4M, EV 92.5 MPH)
Batting: LHB Jon Barmes 0-0: Foul Ball, location: 23FF
0-1: Ball
Larry Bowa is caught stealing 2nd base 2-6
1-1: Ball
2-1: Ball
3-1: Base on Balls
Batting: LHB Doug Wright 0-0: Ball
1-0: Ball
2-0: Called Strike
Jon Barmes steals 2nd base
2-1: Foul Ball, location: 5FF
2-2: Foul Ball, location: 3F
2-2: Strikes out swinging
Batting: RHB Guillermo Días 0-0: Foul Ball, location: 2F
0-1: Ball
1-1: Foul Ball, location: 2F
1-2: Strikes out looking
Top of the 6th over - 0 runs, 0 hits, 1 error, 1 left on base; Toronto 5 - Sunnydale 6
BOTTOM OF THE 6TH
Sunnydale Slayers batting - Pitching for Toronto Red Riders : RHP Alberto Castillo
Batting: LHB Mickey Rivers 0-0: Ball
1-0: SINGLE (Groundball, 34D, EV 108.8 MPH)
Batting: RHB Michael Patrick 0-0: Foul Ball, location: 5FF
0-1: Foul Ball, location: 2F
0-2: Ball
1-2: Ball
2-2: Reached on error, E6 (Groundball, 6S, EV 71.3 MPH)
Mickey Rivers to third
Batting: LHB José Pérez 0-0: Intentional Walk
Batting: RHB Tomás Navarro 0-0: Called Strike
0-1: Ball
1-1: Grounds into fielders choice 6-2 (Groundball, 6, EV 95.0 MPH)
Michael Patrick to third
José Pérez to second
Batting: LHB Brian Norton 0-0: Foul Ball, location: 7LSF
0-1: Called Strike
0-2: Ball
1-2: Strikes out swinging
Pitching: RHP Ricardo Gabriel
Batting: LHB Blake Wanhalla 0-0: Ball
1-0: Ball
2-0: Ball
3-0: Called Strike
3-1: Base on Balls
Michael Patrick scores
José Pérez to third
Tomás Navarro to second
Batting: RHB Jesús Sosa 0-0: Called Strike
0-1: Ball
1-1: Ball
2-1: Fielders Choice at 2nd, 6-4 (Groundball, 6, EV 86.9 MPH)
Bottom of the 6th over - 1 run, 1 hit, 1 error, 3 left on base; Toronto 5 - Sunnydale 7
TOP OF THE 7TH
Toronto Red Riders batting - Pitching for Sunnydale Slayers : LHP Cameron Stanley
Pitching: RHP Dave Turner
Batting: LHB Johnny Callison 0-0: Called Strike
0-1: Ball
1-1: Ball
2-1: Foul Ball, location: 5SF
2-2: Ball
3-2: SINGLE (Groundball, 4MD, EV 97.5 MPH)
Pinch Hitting: LHB Carl McKenzie 0-0: Called Strike
0-1: Fly out, F9 (Flyball, 89S, EV 89.4 MPH)
Pinch Hitting: LHB Kenny Wilson 0-0: Ball
1-0: Ball
2-0: Swinging Strike
2-1: Reached on error, E4 (Groundball, 4, EV 104.4 MPH)
Johnny Callison to second
Batting: SHB Kevin McPherson 0-0: Grounds into double play, 6-4-3 (Groundball, 6, EV 91.3 MPH)
Top of the 7th over - 0 runs, 1 hit, 1 error, 1 left on base; Toronto 5 - Sunnydale 7
BOTTOM OF THE 7TH
Sunnydale Slayers batting - Pitching for Toronto Red Riders : RHP Ricardo Gabriel
Now at SS: Bill Sudakis
Now in RF: Kenshin Morimoto
Batting: RHB Russell Martin 0-0: Foul Ball, location: 2F
0-1: Ball
1-1: Foul Ball, location: 2F
1-2: Ball
2-2: Strikes out swinging
Batting: RHB Ángel Medina 0-0: SINGLE (Groundball, 6MS, EV 85.6 MPH) (infield hit)
Batting: LHB Mickey Rivers 0-0: SINGLE (Line Drive, 7S, EV 93.8 MPH)
Ángel Medina to second
Batting: RHB Michael Patrick 0-0: Called Strike
0-1: Fielders Choice at 2nd, 4-6 (Groundball, 4, EV 101.3 MPH)
Ángel Medina to third
Batting: LHB José Pérez 0-0: Foul Ball, location: 7LSF
0-1: Foul Ball, location: 7LSF
0-2: Ball
1-2: Foul Ball, location: 5SF
1-2: Foul Ball, location: 7LDF
1-2: Ball
2-2: Ball
3-2: Base on Balls
Michael Patrick to second
Pinch Hitting: LHB Larry Biittner 0-0: Ball
1-0: Fly out, F7 (Flyball, 7LD, EV 78.8 MPH)
Bottom of the 7th over - 0 runs, 2 hits, 0 errors, 3 left on base; Toronto 5 - Sunnydale 7
TOP OF THE 8TH
Toronto Red Riders batting - Pitching for Sunnydale Slayers : RHP Dave Turner
Now at 1B: Vince Byrd
Batting: LHB Darrell Evans 0-0: Swinging Strike
0-1: Ball
1-1: Ball
2-1: Ball
3-1: Foul Ball, location: 2F
3-2: Fly out, F8 (Flyball, 8RD, EV 90.0 MPH)
Batting: SHB Larry Bowa 0-0: Ground out U3 (Groundball, 3, EV 94.4 MPH)
Batting: LHB Jon Barmes 0-0: Foul Ball, location: 3SF
0-1: Foul Ball, location: 3FF
0-2: Ball
1-2: Ball
2-2: Ground out 4-3 (Groundball, 4D, EV 107.5 MPH)
Top of the 8th over - 0 runs, 0 hits, 0 errors, 0 left on base; Toronto 5 - Sunnydale 7
BOTTOM OF THE 8TH
Sunnydale Slayers batting - Pitching for Toronto Red Riders : RHP Ricardo Gabriel
Batting: LHB Brian Norton 0-0: Ball
1-0: Ball
2-0: Ground out 4-3 (Groundball, 4, EV 101.3 MPH)
Batting: LHB Blake Wanhalla 0-0: Called Strike
0-1: Ball
1-1: Ball
2-1: Ball
3-1: Base on Balls
Batting: RHB Jesús Sosa 0-0: Called Strike
0-1: Swinging Strike
0-2: Ball
1-2: Ball
2-2: Foul Ball, location: 7LDF
2-2: Ball
3-2: Foul Ball, location: 3F
3-2: Fielders Choice at 2nd, 6-4 (Groundball, 6, EV 90.6 MPH)
Batting: RHB Russell Martin 0-0: Called Strike
0-1: Called Strike
0-2: Foul Ball, location: 2F
0-2: Fly out, F7 (Flyball, 78S, EV 96.9 MPH)
Bottom of the 8th over - 0 runs, 0 hits, 0 errors, 1 left on base; Toronto 5 - Sunnydale 7
TOP OF THE 9TH
Toronto Red Riders batting - Pitching for Sunnydale Slayers : RHP Dave Turner
Pitching: RHP Hunter Cooper
Now in LF: Seitaro Goto
Batting: LHB Doug Wright 0-0: Swinging Strike
0-1: Foul Ball, location: 2F
0-2: Ball
1-2: Ball
2-2: Foul Ball, location: 7LMF
2-2: Fly out, F4 (Popup, 4M, EV 71.9 MPH)
Batting: RHB Guillermo Días 0-0: Ball
1-0: Called Strike
1-1: Ball
2-1: Foul Ball, location: 23F
2-2: Strikes out looking
Batting: LHB Johnny Callison 0-0: SOLO HOME RUN (Flyball, 9D, EV 103.8 MPH), Distance : 378 ft
Batting: LHB Kenshin Morimoto 0-0: Ball
1-0: Called Strike
1-1: Swinging Strike
1-2: Foul Ball, location: 2F
1-2: Hit by Pitch
Batting: SHB Bill Sudakis 0-0: Called Strike
0-1: Fielders Choice at 2nd, 6-4 (Groundball, 6, EV 93.1 MPH)
Top of the 9th over - 1 run, 1 hit, 0 errors, 1 left on base; Toronto 6 - Sunnydale 7
Friday, March 8th , 2024 - OOTP Baseball 24.8 Build 75